[Event "*** Titled Tuesday Blitz"]
[Site "Chess.com"]
[Date "2019.01.01"]
[Round "10"]
[White "Manukyan_Artak"]
[Black "rikyshi"]
[Result "1-0"]
[WhiteElo "2404"]
[BlackElo "2221"]
[TimeControl "180+2"]
[EndTime "15:23:21 PST"]
[Termination "Manukyan_Artak won by checkmate"]

1. e4 e6 2. d4 d5 3. e5 c5 4. c3 Nc6 5. Nf3 cxd4 6. cxd4 Nge7 7.
Nc3 Nf5 8. Be3 Be7 9. Bd3 h5 10. O-O g5 11. Bxf5 exf5 12. e6 Bxe6 13. Ne5 f4 14.
Nxc6 bxc6 15. Bd2 Bd6 16. Na4 g4 17. Nc5 Bxc5 18. dxc5 f3 19. Qa4 Qc7 20. g3 h4 21.
Bf4 Qd7 22. Rfe1 hxg3 23. Bxg3 O-O-O 24. b4 Qb7 25. Qa5 Rh3 26. a4 d4 27. b5 Rxg3+ 28. hxg3 Qc7 29. b6 axb6 30. cxb6 Qb7 31. Rac1 d3 32.
Red1 Bb3 33. Rd2 Bc2 34. Qf5+ Qd7 35. Qf4 f5 36. Rcxc2 dxc2 37. Rxd7 Rxd7 38. a5 Kb7 39. a6+ Kxa6 40. Qa4+ Kxb6 41. Qxc2 Rd5 42. Qb3+ Kc7 43.
Kf1 Kd6 44. Ke1 Re5+ 45. Kd1 Rd5+ 46. Kc1 Rc5+ 47. Kd2 Rd5+ 48. Ke3 Re5+ 49. Kf4 Rd5 50. Qb8+ Kc5 51. Qf8+ Kc4 52. Qf7 Kd4 53. Qe6 c5 54. Qe3+ Kc4 55. Qc1+ Kd4 56. Qb2+ Kc4 57. Qa2+ Kd4 58.
Qb2+ Kc4 59. Qc2+ Kd4 60. Qb3 c4 61. Qe3# 1-0

[Event "*** Titled Tuesday Blitz"]
[Site "Chess.com"]
[Date "2019.01.01"]
[Round "10"]
[White "iLuusions"]
[Black "Berardino"]
[Result "1/2-1/2"]
[WhiteElo "2569"]
[BlackElo "2421"]
[TimeControl "180+2"]
[EndTime "15:23:26 PST"]
[Termination "Game drawn by agreement"]

1. d4 Nf6 2. c4 g6 3. Nf3 Bg7 4. g3 c5 5. Bg2 cxd4 6. Nxd4 d5 7. cxd5 Nxd5 8. Nc2 Be6 9. O-O Nc6 10. e4 Nb6 11. Nc3 O-O 12. Ne3 Nc4 13. Ned5 Rc8 14. Qa4 Nd4 15. Rd1 Bxd5 16. exd5 a6 17. Bf1 Nb6 18. Qa5 Nc4 19. Qxd8 Rfxd8 20. Bd3 Ne5 21. Be4 f5 22. Rxd4 fxe4 23. Rxe4 Nd3 24. Rxe7 b5 25. Bg5 b4 26.
Ne4 Rxd5 27. Nf6+ Bxf6 28. Bxf6 Rf5 29. Bd4 Rd8 30. Be3 Nxb2 31. Rb1 Nd3 32. Rd1 Rfd5 33.
Bb6 R8d7 34. Re8+ Kf7 35. Rh8 Kg7 36. Ra8 a5 37. Rxa5 R5d6 38. Be3 Nb2 39. Rxd6 Rxd6 40. Rb5 Nd3 41. Ra5 Kf7 42. Kf1 Ke6 43. Ra7 h5 44. Ke2 Ne5 45. h4 Ng4 46. Bf4 Rc6 47. f3 Nf6 48. Rg7 Kf5 49. Rf7 Ke6 50. Rg7 Kf5 51.
Rb7 Nd5 52. Rb5 Ke6 53. Bd2 Ra6 54. Bxb4 Rxa2+ 55. Kd3 Rb2 56. Kc4 Rc2+ 57. Kd3 Rb2 58. Kc4 Nxb4 59. Rxb4 Rg2 60. Rb6+ Kf7 61. Rb7+ Kf6 62.
Rb6+ Kf7 63. Rb7+ Kf6 64. Rb6+ Kg7 65. Rb7+ Kh6 66. Kd3 Rxg3 67. Ke3 Rh3 68. Rb4 1/2-1/2

[Event "*** Titled Tuesday Blitz"]
[Site "Chess.com"]
[Date "2019.01.01"]
[Round "10"]
[White "vladimirdamjanovic"]
[Black "biostatistician"]
[Result "1/2-1/2"]
[WhiteElo "2587"]
[BlackElo "2456"]
[TimeControl "180+2"]
[EndTime "15:23:30 PST"]
[Termination "Game drawn - insufficient material"]

1. e4 e6 2. d4 d5 3. Nc3 Nc6 4.
e5 f6 5. exf6 Nxf6 6. Nf3 Bd6 7.
Bb5 O-O 8. O-O a6 9. Bxc6 bxc6 10. Be3 a5 11. Re1 a4 12. h3 a3 13. b3 Bb4 14. Bd2 c5 15. Na4 Bxd2 16. Qxd2 Ne4 17. Qe3 cxd4 18. Qxd4 Rxf3 19. Rxe4 Rf6 20. Re5 Qd6 21.
Nc5 Bd7 22. Rae1 Raf8 23. Nd3 Bb5 24. c4 dxc4 25. Qxd6 cxd6 26. Rxb5 cxd3 27. f3 Rf5 28. Rxf5 Rxf5 29. Rxe6 Rd5 30. Re1 Kf7 31. Kf2 Kf6 32.
Rd1 h5 33. Ke3 h4 34. Rxd3 Rxd3+ 35. Kxd3 Ke5 36. Kc4 d5+ 37. Kd3 g5 38. b4 Kd6 39.
Kd4 Kc6 40. b5+ Kxb5 41. Kxd5 Kb4 42. Kd4 Kb5 43. Kc3 Kc5 44. Kb3 Kd4 45. Kxa3 Ke3 46. Kb4 Kf2 47. a4 Kxg2 48. a5 Kxh3 49. a6 Kg3 50. a7 h3 51. a8=Q h2 52. Qb8+ Kg2 53. Qe5 h1=Q 54. Qxg5+ Kf2 55. f4 Qb1+ 56. Kc4 Qc1+ 57.
Kd4 Kf3 58. Ke5 Qc6 59. Qh5+ Kg3 60. Qg5+ Kf3 61. f5 Qc5+ 62. Kf6 Qd6+ 63. Kf7 Qd7+ 64. Qe7 Qxf5+ 65. Ke8 Qe4 66. Qxe4+ Kxe4 1/2-1/2

[Event "*** Titled Tuesday Blitz"]
[Site "Chess.com"]
[Date "2019.01.01"]
[Round "10"]
[White "CaptainCasanova"]
[Black "DanielNaroditsky"]
[Result "0-1"]
[WhiteElo "2764"]
[BlackElo "2926"]
[TimeControl "180+2"]
[EndTime "15:23:36 PST"]
[Termination "DanielNaroditsky won by resignation"]

1. d4 Nf6 2. Nf3 g6 3. c4 Bg7 4. Nc3 O-O 5. e4 d6 6. Be2 e5 7. O-O exd4 8. Nxd4 Re8 9. f3 Nc6 10. Nc2 Nh5 11. g4 Nf6 12. Ne3 h5 13. g5 Nd7 14.
Ned5 Nd4 15. Kh1 c6 16. Nf4 Nxe2 17. Qxe2 Ne5 18. Be3 Qe7 19. Rad1 a5 20. Na4 Be6 21. Nxe6 Qxe6 22. b3 Rad8 23. Bb6 Ra8 24. Be3 Rad8 25. Bb6 Rd7 26. Bxa5 Qe7 27. Rg1 f6 28. gxf6 Qxf6 29.
Bc3 Kh7 30. c5 d5 31. Nb6 Rdd8 32. exd5 cxd5 33. Nxd5 Qxf3+ 34. Qxf3 Nxf3 35. Bxg7 Kxg7 36. Rgf1 Rf8 37. Nc7 Ng5 38. Rxd8 Rxf1+ 39. Kg2 Rc1 40. Rd5 Rc2+ 41. Kg3 Ne4+ 42. Kf4 Nf6 43. Rd6 Kf7 44. b4 g5+ 45. Ke5 Re2+ 46. Kf5 Rf2+ 47. Ke5 Re2+ 48.
Kf5 Rf2+ 49. Ke5 Ng4+ 50. Kd5 Rxh2 51. Rd7+ Kg6 52. Rd6+ Kf5 53. Kc4 Rxa2 54. Rd5+ Ne5+ 55. Kb5 h4 56. Ne8 h3 57. Nd6+ Kf4 58. Rd1 h2 59. Nxb7 g4 60. c6 Nxc6 61. Kxc6 g3 62. Nc5 g2 63.
Nd3+ Kg3 0-1

[Event "*** Titled Tuesday Blitz"]
[Site "Chess.com"]
[Date "2019.01.01"]
[Round "10"]
[White "Peng_Li-Min"]
[Black "Rakhmanov_Aleksandr"]
[Result "1/2-1/2"]
[WhiteElo "2708"]
[BlackElo "2822"]
[TimeControl "180+2"]
[EndTime "15:23:37 PST"]
[Termination "Game drawn by stalemate"]

1. e4 c5 2. Nc3 Nc6 3. Bb5 Nd4 4.
Nf3 a6 5. Bd3 g6 6. Nxd4 cxd4 7.
Ne2 Bg7 8. c3 dxc3 9. dxc3 e6 10.
O-O Ne7 11. Bc2 d5 12. exd5 Qxd5 13. Be3 Bd7 14. Bb3 Qxd1 15. Raxd1 Nf5 16. Bc5 Rc8 17. Ba3 Bc6 18. Rfe1 Bf8 19. Bxf8 Kxf8 20. Nd4 Nxd4 21. Rxd4 Ke7 22. f3 g5 23. Kf2 Rcd8 24. Rxd8 Rxd8 25. Rd1 Rg8 26. h3 h5 27. Ke3 g4 28.
hxg4 hxg4 29. Kf2 gxf3 30. gxf3 Rg5 31. Bc2 Rh5 32. Kg3 a5 33. Be4 Bxe4 34. fxe4 Rb5 35. b3 Rc5 36. c4 Rg5+ 37. Kf3 Rh5 38. Kg3 b6 39. a3 Rg5+ 40. Kf3 Rh5 41. Kg3 Rc5 42. Rc1 b5 43. Kf3 Kd6 44. Ke3 bxc4 45. bxc4 Rh5 46. Rf1 Rh3+ 47. Kd2 Ke7 48. Rb1 Rxa3 49.
Rb7+ Kf6 50. c5 e5 51. c6 Ke6 52. Rxf7 Rh3 53. Ra7 Kd6 54. Rxa5 Kxc6 55. Rxe5 Kd6 56. Rd5+ Ke6 57. Ke2 Rg3 58. Ra5 Rh3 59. Rf5 Rb3 60.
Rf3 Rxf3 61. Kxf3 Ke5 62. Ke3 Ke6 63. Kf4 Kf6 64. Kf3 Ke5 65. Ke3 Ke6 66. Kd4 Kd6 67. e5+ Ke6 68. Ke4 Ke7 69. Kd5 Kd7 70. Kd4 Ke6 71.
Ke4 Ke7 72. Kf5 Kf7 73. Kf4 Ke6 74. Ke4 Ke7 75. Kf5 Kf7 76. e6+ Ke7 77. Ke5 Ke8 78.
Kd5 Ke7 79. Ke5 Ke8 80. Kf6 Kf8 81. Kg5 Ke7 82. Kf5 Ke8 83. Kf6 Kf8 84. Kf5 Ke7 85. Ke5 Ke8 86. Kf6 Kf8 87. Kg6 Ke7 88. Kf5 Ke8 89. Kf6 Kf8 90. e7+ Ke8 91. Ke6 1/2-1/2

[Event "*** Titled Tuesday Blitz"]
[Site "Chess.com"]
[Date "2019.01.01"]
[Round "10"]
[White "Muracle"]
[Black "oskariot"]
[Result "1/2-1/2"]
[WhiteElo "2530"]
[BlackElo "2570"]
[TimeControl "180+2"]
[EndTime "15:23:40 PST"]
[Termination "Game drawn by agreement"]

1. Nf3 g6 2. g3 Bg7 3. Bg2 e5 4.
O-O d5 5. d3 Nc6 6. c4 Nge7 7.
Nc3 d4 8. Nb1 O-O 9. e3 dxe3 10.
fxe3 e4 11. dxe4 Bg4 12. Nc3 Qxd1 13. Rxd1 Ne5 14. Kf2 Bxf3 15. Bxf3 Nxc4 16. Rd7 Nc6 17. Rxc7 Rab8 18. Nd5 N6e5 19. Be2 Nd6 20. Bf3 Kh8 21. Bg2 Rbc8 22. Bd2 Rxc7 23. Nxc7 Rc8 24. Nd5 Rc2 25. Ke1 Ndc4 26. Rd1 Nd3+ 27. Ke2 Ncxb2 28. Rf1 Ne5 29.
Nb4 Rc8 30. Bh3 Rd8 31. Bc3 Nbc4 32. Nd5 b5 33. Rb1 a6 34. Bd4 h5 35. Nb4 Rd6 36. Nd5 Kh7 37. Bc8 f5 38. Bb7 fxe4 39. Nf4 Ng4 40.
Bxe4 Bxd4 41. exd4 Rxd4 42. Bxg6+ Kh6 43. Bxh5 Rd2+ 44. Kf3 Nf6 45. Bf7 Ne5+ 46. Ke3 Rxh2 47. Be6 Kg5 48. Rc1 Neg4+ 49. Kd3 Rh8 50. Rc5+ Kh6 51.
Rc6 Rd8+ 52. Ke2 Ne5 53. Rc7 Ne4 54. g4 Ng5 55. Bf5 Ngf3 56. Ne6 Nd4+ 57. Nxd4 Rxd4 58.
Ke3 Ra4 59. Be6 Nxg4+ 60. Bxg4 Rxg4 61. Rc6+ Kg7 62. Rxa6 Ra4 63. Rxa4 bxa4 64. Kd4 Kf7 65. Kc4 a3 66. Kb4 Ke7 67. Kxa3 Kd7 68. Kb4 1/2-1/2

[Event "*** Titled Tuesday Blitz"]
[Site "Chess.com"]
[Date "2019.01.01"]
[Round "10"]
[White "JSMastropiero"]
[Black "Babas"]
[Result "1-0"]
[WhiteElo "2290"]
[BlackElo "2270"]
[TimeControl "180+2"]
[EndTime "15:23:45 PST"]
[Termination "JSMastropiero won by resignation"]

1. d4 Nf6 2. c4 c5 3. d5 e5 4. Nc3 d6 5. e4 Be7 6. g3 O-O 7. Bg2 Ne8 8. Nf3 a6 9. O-O b5 10. cxb5 axb5 11. Nxb5 Ba6 12. Na3 Bxf1 13. Bxf1 Na6 14.
Nc4 Nf6 15. Qe2 Nd7 16. Bd2 Nb4 17. a3 Nc2 18. Rc1 Nd4 19. Nxd4 cxd4 20. b4 Nb6 21. Na5 Bg5 22. Rc6 Bxd2 23. Qxd2 Na4 24. Nb7 Qe7 25.
Nxd6 Nc3 26. Ba6 g6 27. Qd3 Qg5 28. Nb5 Qc1+ 29. Kg2 Qb2 30. Nxc3 dxc3 31. b5 Qxa3 32. Rxc3 Qa1 33. d6 Rfd8 34. d7 Rxd7 35. Qxd7 Qxc3 36.
Qd5 Rb8 37. Bb7 Qc7 38. Bc6 Kg7 39. h4 Kf6 40. Qd2 Ke7 41. Qh6 Qd6 42. Qxh7 Qf6 43. Qh6 Rd8 44. Qc1 Kf8 45. Bd5 Qd6 46. Qc4 Rd7 47. Qc8+ Kg7 48. Qc4 Rc7 49. Bc6 f5 50.
exf5 gxf5 51. h5 Kf6 52. Qh4+ Kg7 53. Qg5+ Kh7 54. Qxf5+ Kg7 55. Qg5+ Kh7 56. Be4+ Kh8 57. h6 Rf7 58. h7 Qf8 59. Qxe5+ Rf6 60. b6 Kg7 61.
Qg5+ Kh8 62. Qe3 Qb8 63. Qd4 Qxb6 64. Qxb6 Rxb6 65. g4 Kg7 66. f3 Rb8 67. Kg3 Rb1 68. Bxb1 1-0

[Event "*** Titled Tuesday Blitz"]
[Site "Chess.com"]
[Date "2019.01.01"]
[Round "10"]
[White "Kirill_Klukin"]
[Black "Vuk2000"]
[Result "1-0"]
[WhiteElo "2617"]
[BlackElo "2736"]
[TimeControl "180+2"]
[EndTime "15:23:47 PST"]
[Termination "Kirill_Klukin won by checkmate"]

1. d4 Nf6 2. Nf3 e6 3. e3 b6 4. Bd3 Bb7 5. O-O d5 6. c4 Bd6 7.
Nc3 O-O 8. b3 a6 9. Bb2 Nbd7 10.
Ne2 Qe7 11. Ne5 Rfd8 12. Nxd7 Rxd7 13. cxd5 exd5 14. Ng3 g6 15. Rc1 h5 16. h3 Bxg3 17. fxg3 Qxe3+ 18. Kh2 Qe6 19. Qf3 Ne4 20. Qf4 Qd6 21.
Bxe4 Qxf4 22. gxf4 dxe4 23. f5 e3 24. Rce1 Re8 25.
fxg6 fxg6 26. Rf6 Kg7 27. d5 Kh7 28. Rf3 Rxd5 29. Rf7+ Kg8 30. Rg7+ Kf8 31. Rf1+ Rf5 32. Rxf5+ gxf5 33. Rxc7 e2 34. Bc3 Rc8 35. Bb4+ Kg8 36. Rxb7 a5 37. Be1 Rc1 38. Bh4 e1=Q 39. Bxe1 Rxe1 40. Rxb6 Re5 41. a4 Kg7 42. Rb5 Re3 43.
Rxf5 Rxb3 44. Rxh5 Ra3 45. Rxa5 Kg6 46. h4 Ra2 47. Kh3 Kh6 48. g3 Ra3 49. Kg4 Kg6 50.
Ra6+ Kg7 51. h5 Kh7 52. Kh4 Rc3 53. g4 Rc4 54. Ra5 Kh6 55. Ra6+ Kh7 56. a5 Ra4 57. Kg5 Rc4 58. Ra7+ Kg8 59. h6 Rc5+ 60. Kh4 Rc4 61. Kh5 Rc5+ 62. g5 Rd5 63. a6 Rb5 64. Rb7 Ra5 65. a7 Kh8 66. Rb8+ Kh7 67. a8=Q Rxa8 68. g6# 1-0

[Event "*** Titled Tuesday Blitz"]
[Site "Chess.com"]
[Date "2019.01.01"]
[Round "10"]
[White "Vegan4future"]
[Black "MFBerna"]
[Result "0-1"]
[WhiteElo "2340"]
[BlackElo "2349"]
[TimeControl "180+2"]
[EndTime "15:23:49 PST"]
[Termination "MFBerna won by resignation"]

1. d4 Nf6 2. c4 e6 3. Nf3 Bb4+ 4. Bd2 Qe7 5. g3 O-O 6. Bg2 d5 7. Qc2 a5 8. O-O dxc4 9. Qxc4 Nc6 10. Bg5 h6 11.
Bf4 Rd8 12. Nc3 Bd6 13. Bxd6 cxd6 14. Rac1 e5 15. d5 Nb8 16. Na4 Nbd7 17. Rfd1 e4 18.
Nd4 e3 19. f4 Ra6 20. Rc3 Nb6 21. Nxb6 Rxb6 22. b3 Rb4 23. Qc7 Qxc7 24. Rxc7 a4 25.
Nc2 Rb6 26. b4 Bg4 27. Kf1 a3 28. Rc3 Bf5 29. Nxe3 Be4 30. Rd4 Bxg2+ 31. Kxg2 Ra8 32. Rb3 Ra4 33. Kf3 Nd7 34. Nc2 Rba6 35. e4 f6 36. Ke3 Nb6 37. Kd3 Ra8 38. b5 Rxd4+ 39. Nxd4 Kf7 40.
Nf5 Nc8 41. h4 h5 42. Kd4 g6 43. Ne3 Ra4+ 44. Kd3 Nb6 45. Rc3 Ra7 46. Nc4 Na4 47.
Rc2 Nc5+ 48. Ke3 Ke7 49. Rc3 Ra4 50. Nd2 Rb4 51. Rxa3 Rxb5 52. Rc3 Rb2 53. a3 Ra2 54. Nc4 Rg2 55. Kf3 Ra2 56. Ne3 Ra1 57. g4 hxg4+ 58.
Nxg4 Rf1+ 59. Kg3 Nxe4+ 60. Kg2 Rxf4 61. Rc7+ Kd8 62. Rxb7 Rxg4+ 63. Kf3 f5 64. a4 Rxh4 65. a5 Nc5 66. Rg7 Rg4 67. Kf2 Kc8 68. Kf3 Kb8 69.
Kf2 g5 70. Kf3 Rf4+ 71. Kg3 Ra4 72. Rxg5 Rg4+ 73. Rxg4 fxg4 74. Kxg4 Nb3 75. Kf5 Nxa5 76. Ke6 Kc7 77. Ke7 Nc4 78. Ke6 Nb6 79. Kf5 Nxd5 80.
Ke4 Ne7 81. Kd4 Kd7 82. Ke4 Ke6 83. Kd4 d5 84. Ke3 Ke5 85. Kd3 d4 86. Ke2 Ke4 87.
Kd2 d3 88. Ke1 Ke3 89. Kd1 Nd5 90. Ke1 Nc3 91. Kf1 0-1

[Event "*** Titled Tuesday Blitz"]
[Site "Chess.com"]
[Date "2019.01.01"]
[Round "10"]
[White "DanielMieles1985"]
[Black "Paralinch"]
[Result "1-0"]
[WhiteElo "2667"]
[BlackElo "2911"]
[TimeControl "180+2"]
[EndTime "15:23:56 PST"]
[Termination "DanielMieles1985 won by resignation"]

1. d4 d5 2. c4 dxc4 3. Nf3 Nf6 4. e3 e6 5. Bxc4 c5 6. O-O a6 7. Be2 b6 8. Nc3 Bb7 9. dxc5 Bxc5 10. Qxd8+ Kxd8 11. Na4 Nbd7 12. Nxc5 Nxc5 13. b3 Ke7 14. Bb2 Rhd8 15. Rfd1 Rxd1+ 16. Rxd1 Rc8 17. Rc1 a5 18. Nd2 Nfd7 19. f3 f6 20. e4 e5 21. Kf2 Ne6 22.
Rxc8 Bxc8 23. Ke3 Kd8 24. g3 Kc7 25. Bb5 Bb7 26. f4 exf4+ 27. gxf4 Bc6 28. Bc4 Ndc5 29. f5 Ng5 30. e5 Nd7 31. e6 Ne5 32. h4 Ngf3 33.
Nxf3 Nxf3 34. h5 h6 35. Ba3 b5 36. Be2 Nh4 37. Bg4 b4 38. Bc1 Kd6 39. Kf4 Ng2+ 40. Kg3 Ne1 41. Be2 Nc2 42. Bf4+ Ke7 43. Bc7 a4 44. bxa4 Bxa4 45. Bb6 Kd6 46. Bd1 b3 47. axb3 Bxb3 48. Ba5 Ke7 49. Kf4 Ke8 50. Ke4 Ba4 51. Bc3 Bc6+ 52. Kd3 Na3 53. Bb4 Nb5 54. Kc4 Nc7 55. Kc5 Be4 56. Ba4+ Kd8 57. Kd4 Bxf5 58. e7+ Kc8 59. Bd6 Bd7 60. Bxd7+ Kxd7 61. Bxc7 Kxe7 62. Ke4 Ke6 63. Kf4 Kf7 64. Kf5 Kg8 65. Kg6 Kh8 66. Bd6 Kg8 67. Be7 Kh8 68. Bf8 Kg8 69. Bxg7 f5 70.
Bxh6 f4 71. Bxf4 Kh8 72. Be5+ Kg8 73. h6 Kf8 74. h7 1-0

[Event "*** Titled Tuesday Blitz"]
[Site "Chess.com"]
[Date "2019.01.01"]
[Round "10"]
[White "Chessmatus"]
[Black "Tulipaz"]
[Result "1-0"]
[WhiteElo "2213"]
[BlackElo "2444"]
[TimeControl "180+2"]
[EndTime "15:23:57 PST"]
[Termination "Chessmatus won by checkmate"]

1. d4 d5 2. Nf3 Nf6 3. c4 c6 4. g3 g6 5. Bg2 Bg7 6. b3 O-O 7. Bb2 Ne4 8. O-O a5 9. Nc3 Nxc3 10. Bxc3 Bf5 11. e3 Be4 12. Qe2 Nd7 13. Rfd1 e6 14. Bh3 Bxf3 15. Qxf3 a4 16. Bg2 Qb6 17. Rab1 Qa6 18. Bf1 Qa7 19. b4 dxc4 20. Bxc4 Nb6 21. Bf1 Nd5 22. Be1 a3 23. b5 Rfd8 24. Rdc1 Rac8 25.
bxc6 bxc6 26. Rc4 Rc7 27. Qd1 Ra8 28. Rbc1 Qb7 29. Rb1 Qc8 30. Ra4 c5 31. Rxa8 Qxa8 32. dxc5 Rxc5 33. Qb3 Rc8 34. Bg2 Bb2 35. Rd1 Rd8 36.
Bxd5 exd5 37. Bc3 Bxc3 38. Qxc3 Qa4 39. Rd4 Qa8 40. Qb3 Rb8 41. Rb4 Rc8 42. Ra4 Rc1+ 43.
Kg2 Qc8 44. Qxa3 Kg7 45. Ra8 Qc6 46. Qb2+ f6 47. Ra7+ Kh6 48. Qb7 d4+ 49. Qxc6 Rxc6 50. exd4 Rc2 51. Kf3 Rd2 52. Ke3 Rd1 53. a4 Kg5 54. a5 h5 55. a6 Ra1 56. Ra8 Kf5 57.
a7 Ra3+ 58. Kd2 Kg4 59. d5 Ra5 60. d6 Kf3 61. Kc3 Rd5 62. Rd8 Rc5+ 63. Kb4 Rc1 64.
a8=Q+ Kxf2 65. Qa2+ Kg1 66. d7 g5 67. Rc8 Rd1 68.
d8=Q Rxd8 69. Rxd8 g4 70. Rd1# 1-0

[Event "*** Titled Tuesday Blitz"]
[Site "Chess.com"]
[Date "2019.01.01"]
[Round "10"]
[White "aquaticpineapples"]
[Black "IngOscarArdila"]
[Result "1-0"]
[WhiteElo "2102"]
[BlackElo "2060"]
[TimeControl "180+2"]
[EndTime "15:24:16 PST"]
[Termination "aquaticpineapples won on time"]

1. d4 Nf6 2. Nf3 g6 3. Nbd2 Bg7 4. e4 d6 5. Bd3 O-O 6. O-O Nbd7 7. e5 dxe5 8. dxe5 Ne8 9. e6 Nb6 10. exf7+ Rxf7 11. Qe2 e5 12. Nxe5 Re7 13. Ndf3 Nf6 14. Bg5 Qe8 15.
Bc4+ Nxc4 16. Qxc4+ Be6 17. Qb4 c6 18. Nd3 h6 19. Bh4 g5 20. Bg3 Nd5 21. Qd2 Bg4 22.
Rfe1 Bxf3 23. gxf3 Rd8 24. Rxe7 Qxe7 25. Re1 Qf7 26. Qe2 Kh8 27. Ne5 Qh5 28. Qe4 Nf6 29.
Qf5 Kg8 30. Qe6+ Kh7 31. Ng4 Nxg4 32. fxg4 Qg6 33. Qe7 Rf8 34. Be5 Rf7 35. Qe8 Bxe5 36.
Rxe5 Rg7 37. Qxg6+ Kxg6 38. Re6+ Kh7 39. Rd6 Re7 40.
Kg2 Kg7 41. Kg3 a6 42. h4 Rf7 43. hxg5 hxg5 44. Re6 Rd7 45. c3 Rf7 46. f3 Rd7 47. a4 Rf7 48. a5 Rd7 49. b4 Rf7 50. Rd6 Re7 51. c4 Kf7 52. f4 Re3+ 53. Kf2 gxf4 54. Rd7+ Ke6 55. Rxb7 Rg3 56. Rb6 Rxg4 57. Rxc6+ Ke5 58.
Rxa6 Ke4 59. Re6+ Kd4 60. c5 Kd5 61. Rd6+ Ke4 62. a6 Rg3 63. a7 Ra3 64. Re6+ Kf5 65. Re7 Kg4 66. Rg7+ Kf5 67. c6 Ke4 68. Re7+ Kd5 69.
c7 Rxa7 70. Rd7+ 1-0

[Event "*** Titled Tuesday Blitz"]
[Site "Chess.com"]
[Date "2019.01.01"]
[Round "10"]
[White "jerom555888"]
[Black "BartoszSocko"]
[Result "1/2-1/2"]
[WhiteElo "2704"]
[BlackElo "2672"]
[TimeControl "180+2"]
[EndTime "15:24:18 PST"]
[Termination "Game drawn by agreement"]

1. Nf3 d5 2. g3 Nc6 3. d4 Bf5 4. Bg2 Nb4 5. Na3 e6 6. c3 Nc6 7. Qb3 Bxa3 8. Qxa3 Nf6 9. Qb3 Rb8 10. O-O Be4 11.
Bh3 Bxf3 12. exf3 O-O 13. Re1 b5 14. Bg5 h6 15. Bf4 a5 16. a4 b4 17. Qc2 Ne8 18.
Rad1 b3 19. Qe2 Nd6 20. Bxd6 Qxd6 21. f4 Ne7 22. Qh5 Qd7 23. Ra1 Kh7 24. Ra3 Rb6 25. Bf1 g6 26. Qd1 Rfb8 27. Bb5 c6 28. Bd3 Kg7 29. h4 h5 30. Re5 Nf5 31. Bxf5 exf5 32.
Qe2 Qd6 33. Ra1 R6b7 34. Re1 Rd7 35. Kg2 c5 36. Rd1 Qc6 37. Kh2 Qxa4 38. dxc5 Qc6 39. Qe3 Rb5 40. Re8 Qf6 41. Rc8 Re7 42. Qd3 Rbb7 43.
Qxd5 Rbc7 44. Rxc7 Rxc7 45. Qxb3 Rxc5 46. Rd5 Rxd5 47.
Qxd5 Qb6 48. Qd4+ Qxd4 49. cxd4 Kf6 50. Kg2 Ke6 51. Kf3 Kd5 52. Ke3 Kc4 53. b3+ Kxb3 54.
d5 a4 55. d6 a3 56. d7 a2 57.
d8=Q a1=Q 58. Qb6+ Kc2 59. Qc6+ Qc3+ 60. Qxc3+ Kxc3 61. f3 Kc2 62. Ke2 f6 63. Ke3 Kd1 64. g4 Ke1 65. g5 fxg5 66. fxg5 Kf1 67. Kf4 Kg2 68.
Ke5 Kxf3 69. Kf6 f4 70. Kxg6 Kg4 71. Kh6 f3 72. g6 f2 73. g7 f1=Q 74. g8=Q+ Kxh4 75. Qg5+ Kh3 76. Qxh5+ Kg2 1/2-1/2

[Event "*** Titled Tuesday Blitz"]
[Site "Chess.com"]
[Date "2019.01.01"]
[Round "10"]
[White "HouseOfDurin"]
[Black "GremioPrudente"]
[Result "1/2-1/2"]
[WhiteElo "1872"]
[BlackElo "2018"]
[TimeControl "180+2"]
[EndTime "15:24:20 PST"]
[Termination "Game drawn - insufficient material"]

1. d4 d5 2. Bg5 c6 3. e3 Qb6 4. b3 e6 5. Bd3 Nd7 6. Nf3 Ngf6 7. Nbd2 Bb4 8. O-O h6 9. Bh4 O-O 10. a3 Bd6 11. c4 dxc4 12. bxc4 Qc7 13. c5 Be7 14. Ne4 Qd8 15. Bg3 Nxe4 16. Bxe4 Nf6 17.
Bc2 Nh5 18. Qd3 f5 19. Be5 Bf6 20. Qc4 Qd5 21. Bb3 Qxc4 22. Bxc4 Bxe5 23. Nxe5 Nf6 24. f3 Nd5 25. Rfe1 Rd8 26. Kf2 Bd7 27. Rab1 Rab8 28. Nxd7 Rxd7 29. Rb3 Kf7 30. e4 fxe4 31. fxe4 Nf6 32.
Rd3 Rbd8 33. d5 exd5 34. e5 Ng4+ 35. Kg3 Nxe5 36. Rxe5 dxc4 37. Rf3+ Kg8 38. Re4 Rd4 39. Re7 R4d7 40. Re4 c3 41. Rxc3 Rd3+ 42. Re3 Rxe3+ 43. Rxe3 Rd5 44. Re7 Rxc5 45. Rxb7 Ra5 46. Rb8+ Kh7 47. Rb3 c5 48. Kf4 a6 49. Rc3 c4 50. Ke4 Rh5 51. h3 Rh4+ 52. g4 h5 53. Kf5 hxg4 54. hxg4 g6+ 55.
Kg5 Rh1 56. Rxc4 Ra1 57. Rc7+ Kg8 58. Kxg6 Kf8 59. Rc3 a5 60. g5 a4 61. Kf6 Ke8 62.
g6 Rf1+ 63. Kg7 Rb1 64. Re3+ Kd7 65. Kh8 Rh1+ 66. Kg8 Rb1 67. g7 Rb3 68. Rxb3 axb3 69. Kh8 b2 70. g8=Q b1=Q 71. Qd5+ Kc7 72. Qc5+ Kb7 73.
Qb4+ Qxb4 74. axb4 Kb6 75. Kg7 Kb5 76. Kh8 Kxb4 1/2-1/2

[Event "*** Titled Tuesday Blitz"]
[Site "Chess.com"]
[Date "2019.01.01"]
[Round "10"]
[White "WPWPWP-2015"]
[Black "Kawhi_Leonard2"]
[Result "1-0"]
[WhiteElo "2325"]
[BlackElo "2256"]
[TimeControl "180+2"]
[EndTime "15:24:49 PST"]
[Termination "WPWPWP-2015 won by resignation"]

1. d4 Nf6 2. c4 c5 3. d5 e6 4. Nc3 exd5 5. cxd5 d6 6. g3 g6 7. Bg2 Bg7 8. Nf3 O-O 9. O-O a6 10. a4 Nbd7 11. a5 Re8 12. Re1 Rb8 13. e4 Ng4 14.
Nd2 Nge5 15. Qc2 b5 16. axb6 Nxb6 17. h3 f5 18. Kh2 Nec4 19. Nf3 h6 20. Nh4 g5 21.
Nf3 Qf6 22. Nd2 f4 23. Nxc4 Nxc4 24. Ra4 fxg3+ 25. fxg3 Ne5 26. Rf1 Qg6 27. Nd1 Bd7 28. Ra3 Bb5 29. Rf2 Rf8 30. Be3 Rxf2 31. Nxf2 Rf8 32. b3 Nf3+ 33. Kh1 Ne1 34. Qd1 Nxg2 35. Kxg2 Be5 36. Qg4 Kh7 37. Ra2 Qf7 38. Rd2 Bd7 39.
Qe2 Bb5 40. Qg4 Bd7 41. Qe2 a5 42. Ra2 Bc3 43. Rc2 Be5 44. Ra2 Ra8 45. Bd2 a4 46. bxa4 Rxa4 47. Rxa4 Bxa4 48. Ng4 Bg7 49. Qd3 Kh8 50.
Ne3 Bd7 51. Nf5 Bxf5 52. exf5 Qe7 53. Bc3 Bxc3 54. Qxc3+ Kg8 55. Qd3 Kf7 56. Kf3 Qe5 57. g4 Qh2 58. Qe4 Qxh3+ 59. Ke2 Qh2+ 60. Kd1 Qe5 61.
Qc4 Qd4+ 62. Qxd4 cxd4 63. Kd2 Kf6 64. Kd3 Ke5 65. Kc4 Ke4 66. f6 d3 67. f7 d2 68. f8=Q d1=Q 69. Qe7+ Kf3 70. Qxd6 Qa4+ 71. Kc3 Kxg4 72. Qe6+ Kf4 73. d6 Qc6+ 74. Kd4 g4 75.
Qf6+ Kg3 76. Qe5+ Kg2 77. Qe4+ Qxe4+ 78. Kxe4 g3 79. d7 Kf2 80. d8=Q g2 81. Qd2+ Kf1 82. Kf3 1-0

[Event "*** Titled Tuesday Blitz"]
[Site "Chess.com"]
[Date "2019.01.01"]
[Round "10"]
[White "MasterKroket"]
[Black "tomozupan"]
[Result "1/2-1/2"]
[WhiteElo "2446"]
[BlackElo "2200"]
[TimeControl "180+2"]
[EndTime "15:24:52 PST"]
[Termination "Game drawn - insufficient material"]

1. d4 Nf6 2. c4 g6 3. Nc3 d5 4. cxd5 Nxd5 5. e4 Nxc3 6. bxc3 Bg7 7. Be3 c5 8. Qd2 Nc6 9. Nf3 cxd4 10. cxd4 Bg4 11.
Rd1 O-O 12. Be2 Rc8 13. O-O a6 14. d5 Na5 15. Rc1 Bxf3 16. Bxf3 Nc4 17. Qe2 b5 18. Bg5 h6 19. Bf4 g5 20. Bg3 Ne5 21. Bg4 Nxg4 22.
Qxg4 f5 23. Rxc8 Qxc8 24. exf5 Qxf5 25. Qe2 Qxd5 26. Qxe7 Qxa2 27. h4 gxh4 28. Bxh4 Qc4 29. Rd1 Rf7 30. Qd8+ Kh7 31. Bg3 b4 32. Rd7 Rxd7 33.
Qxd7 Qe4 34. Qa4 a5 35. Qb3 Qe1+ 36. Kh2 Qe4 37. f3 Qf5 38. Qc4 Qb1 39. Qf7 Qg6 40. Qb3 Qh5+ 41. Kg1 Qg6 42. Kh2 Qh5+ 43. Kg1 Qg6 44.
Kh2 h5 45. Bc7 Qf5 46. Qe3 a4 47. Bd6 a3 48. Qb3 Be5+ 49. Bxe5 Qxe5+ 50. Kh3 Qf5+ 51. Kh2 Qf4+ 52. Kh1 Kg6 53. Qe6+ Kg7 54. Qe7+ Kg6 55. Qe6+ Qf6 56. Qe8+ Kg7 57. Qd7+ Qf7 58. Qd4+ Kf8 59.
Qxb4+ Kg8 60. Qxa3 Qg6 61. Qe7 Qf5 62. Qe4 Qg5 63. Kg1 Kf7 64. Kf2 Kf6 65. f4 Qc5+ 66.
Kf3 Qc3+ 67. Qe3 Qxe3+ 68. Kxe3 h4 69. Kf3 Kf5 70. Ke3 Kg4 71. Ke4 Kg3 72. f5 Kxg2 73. f6 h3 74. f7 h2 75. f8=Q h1=Q 76. Qg8+ Kf2+ 77. Kd3 Qf3+ 78. Kc2 Qe2+ 79. Kc3 Qe5+ 80. Kc2 Ke3 81. Qb3+ Ke4 82. Qd3+ Kf4 83. Qd2+ Qe3 84. Qxe3+ Kxe3 1/2-1/2